 Dungeon Crawl Stone Soup version 0.31.0-9-g3a7656b989 (webtiles) character file.

Game seed: 2527601613187573212

28 qw the Shooter (level 2, -1/14 HPs)
             Began as a Spriggan Hunter on Feb 2, 2024.
             Succumbed to their own poison gas
             ... on level 2 of the Dungeon.
             The game lasted 00:00:04 (1567 turns).

qw the Shooter (Spriggan Hunter)                    Turns: 1567, Time: 00:00:05

Health: -1/14      AC:  2    Str:  7    XL:     2   Next: 96%
Magic:  3/3        EV: 19    Int: 10    God:
Gold:   18         SH:  0    Dex: 18    Spells: 1/1 levels left

rFire   . . .        a - +0 shortbow (heavy)
rCold   . . .        (shield currently unavailable)
rNeg    . . .        c - +0 robe
rPois   .            (helmet restricted)
rElec   .            (no cloak)
rCorr   .            (gloves unavailable)
SInv    +            (boots unavailable)
Will    +....        b - amulet of faith
Stlth   ++           h - ring of willpower
HPRegen 0.22/turn    (no ring)
MPRegen 0.08/turn

%: faith
@: lethally poisoned (-1 -> -11), very quick
A: very small, no large weapons, unfitting armour, see invisible, speed 3
a: no special abilities


You were on level 2 of the Dungeon.
You visited 1 branch of the dungeon, and saw 2 of its levels.

You collected 42 gold pieces.
You spent 24 gold pieces at shops.


Innate Abilities, Weirdness & Mutations

You are very small and have problems with some larger weapons.
You are too small for most types of armour.
You have supernaturally acute eyesight. (SInv)
You cover ground extremely quickly. (Speed+++)


   Skills:
 - Level 1.5 Fighting
 + Level 4.4 Ranged Weapons
 - Level 4.0 Dodging
 - Level 1.5 Stealth


You had one spell level left.
You didn't know any spells.
Your spell library was empty.

Inventory:

Hand Weapons
 a - a +0 heavy shortbow (weapon)
Armour
 c - a +0 robe (worn)
Jewellery
 b - an amulet of faith (around neck)
 h - a ring of willpower (left hand)
 l - an amulet of reflection
Scrolls
 f - a scroll of teleportation
 m - a scroll of brand weapon
Potions
 j - a potion of might
 k - a potion of curing {unknown}

Dungeon Overview and Level Annotations

Branches:
Dungeon (2/15)

Altars:

Shops:
D:1 (((   D:2 *


Message History

You feel a strange surge of divine interest.
b - an amulet of faith (around neck) Done exploring.
1562 ||| READING scroll labelled QOFIPSO HEITTI.
The air fills with toxic fumes!
As you read the scroll labelled QOFIPSO HEITTI, it crumbles to dust.
It was a scroll of poison.
Done exploring.
1563 ||| READING scroll labelled EHIRUD XEAST.
Blink to where?
Press: ? - help, Dir - move target, f - you
As you read the scroll labelled EHIRUD XEAST, it crumbles to dust.
It was a scroll of blinking.
Done exploring.
What level of the Dungeon? (default 2, ? - help) Sorry, I don't know how to get there.
Enter note:
Enter note:
Enter note:
Enter note:
Enter note:
Enter note:
Enter note:
Enter note:
Enter note:
Enter note:
Enter note:
Enter note:
Enter note:
Enter note:
Enter note: You are engulfed in poison gas.
You are lethally poisoned!
You feel very sick.
1565 ||| Stepping ~*~*~tactically~*~*~ (cloud).
You feel sick.
There is a lethal amount of poison in your body!
You feel very sick.
There is a lethal amount of poison in your body!
You die...

######################## #####
#..¤¤¤0¤¤¤0#.¤.........####
....###..¤¤¤¤¤¤0¤#¤..............
....'.'..¤¤0¤¤¤¤¤¤...............
....###..¤¤¤¤0¤¤¤#...............
##### #..¤0¤¤0¤0@#..............>
...# #..¤¤¤¤¤¤¤¤#........[..####
##.# #..0¤¤¤0¤¤¤#...........#
...# ####¤¤¤¤¤¤¤#...........#
...# #¤¤¤¤¤¤¤#...........# ...#
#¤¤¤¤¤¤¤#...........#### ##.#
#0¤¤¤¤¤¤#............... #.##
#.......#...............
#..########################.....


There were no monsters in sight!

Vanquished Creatures
  A ribbon worm (D:2)
  2 endoplasms
  4 giant cockroaches
  A hobgoblin (D:1)
  2 kobolds
  2 quokkas
  2 ball pythons (D:2)
  2 bats
  2 frilled lizards (D:1)
  3 goblins
  2 rats (D:1)
23 creatures vanquished.

Notes
Turn   | Place    | Note
-------+----------+-------------------------------------------
     0 | D:1      | qw the Spriggan Hunter began the quest for the Orb.
     0 | D:1      | Reached XP level 1. HP: 10/10 MP: 2/2
     0 | D:1      | 0 ||| qw: Version: 0.3-a-155-g5e7d8dd
     0 | D:1      | 0 ||| qw: Game counter: 762
     0 | D:1      | 0 ||| qw: Melee chars always use a shield: true
     0 | D:1      | 0 ||| qw: God list: Okawaru
     0 | D:1      | 0 ||| qw: Allow faded altars: false
     0 | D:1      | 0 ||| qw: Do Orc after clearing Dungeon:15 true
     0 | D:1      | 0 ||| qw: Do second Lair branch before Depths: true
     0 | D:1      | 0 ||| qw: Lair rune preference: random
     0 | D:1      | 0 ||| qw: Goals: Normal
     0 | D:1      | 0 ||| PLANNING D:1-11
    59 | D:1      | Reached skill level 3 in Dodging
   118 | D:1      | Found Resipex's Antique Weapon Emporium.
   119 | D:1      | Found Meschec's Antique Weapon Shoppe.
   169 | D:1      | Reached XP level 2. HP: 14/14 MP: 3/3
   171 | D:1      | Found Joucvasu's Weapon Shoppe.
   179 | D:1      | 179 ||| SHOPLISTING +1 orcbow of draining (133 gold, have
                  | 18).
   664 | D:1      | 664 ||| UPGRADING to ring of willpower.
   665 | D:1      | 665 ||| READING scroll labelled IDUJYU ISTRA.
   665 | D:1      | 665 ||| BRANDING +0 shortbow.
   666 | D:1      | 666 ||| READING scroll labelled HYSKAS ISINYJ.
   667 | D:1      | 667 ||| READING 2 scrolls labelled XUIVVY XUYL.
   672 | D:1      | 672 ||| READING 2 scrolls labelled KUN UPAELOMOT.
   672 | D:1      | 672 ||| IDENTIFYING white potion
   673 | D:1      | 673 ||| READING scroll of identify.
   673 | D:1      | 673 ||| IDENTIFYING murky green potion
   674 | D:1      | 674 ||| DROPPING scroll of butterflies.
   675 | D:1      | 675 ||| DROPPING potion of attraction.
   676 | D:1      | 676 ||| DROPPING potion of degeneration.
   801 | D:2      | Found Worher's Assorted Antiques.
   814 | D:2      | 814 ||| BUYING scroll labelled IPLINO WUIHEN (24 gold).
   814 | D:2      | Bought a scroll labelled IPLINO WUIHEN for 24 gold pieces
   814 | D:2      | 814 ||| SHOPLISTING scroll of identify (48 gold, have 18).
   814 | D:2      | 814 ||| SHOPLISTING scroll of teleportation (72 gold, have
                  | 18).
   869 | D:2      | Found a faded altar of an unknown god.
  1443 | D:2      | 1443 ||| UPGRADING to amulet of reflection.
  1448 | D:2      | 1448 ||| READING scroll of identify.
  1448 | D:2      | 1448 ||| IDENTIFYING coppery potion
  1449 | D:2      | 1449 ||| READING scroll labelled MAFRIF IB BUR.
  1550 | D:2      | 1550 ||| READING scroll labelled IPLINO WUIHEN.
  1550 | D:2      | 1550 ||| ACQUIRING amulet of faith
  1550 | D:2      | Acquired an amulet of faith
  1552 | D:2      | 1552 ||| UPGRADING to amulet of faith.
  1562 | D:2      | 1562 ||| READING scroll labelled QOFIPSO HEITTI.
  1563 | D:2      | 1563 ||| READING scroll labelled EHIRUD XEAST.
  1565 | D:2      | 1565 ||| Stepping ~*~*~tactically~*~*~ (cloud).
  1566 | D:2      | HP: 2/14 [poisoned by you (poison gas)]
  1567 | D:2      | Succumbed to their own poison gas

Levels and vault maps discovered:
D:1:      heliophobic_arrival_dark_side_of_the_moon, layout_basic, serial_shops,
          shop, shop, shop
D:2:      layout_basic, serial_shops, shop, basic_ecumenical_altar

Skill      XL: |  1  2 |
---------------+-------+-----
Dodging        | 3 4 |  4.0
Fighting       | |  1.5
Ranged Weapons | |  4.4
Stealth        | |  1.5

Action                     || total
---------------------------++-------
   Fire: Shortbow          ||    67
    Use: Scroll            ||    10
 Armour: Robe              ||     7
  Dodge: Dodged            ||    35

Table legend:
 A = Non-vault XP
 B = Vault XP
 C = Vault XP percentage of total XP
 D = Non-vault monster count
 E = Vault monster count
 F = Vault count percentage of total count
                 A         B        C        D         E       F
            +---------+---------+-------+---------+---------+-------
      Total |      40 |       0 |   0.0 |      23 |       0 |   0.0
            +---------+---------+-------+---------+---------+-------
        D:1 |      20 |       0 |   0.0 |      13 |       0 |   0.0
        D:2 |      20 |       0 |   0.0 |      10 |       0 |   0.0
            +---------+---------+-------+---------+---------+-------
